 Dungeon Crawl Stone Soup version 0.30.0-5-g1a98f26d00 (webtiles) character file.

Game seed: 17671173707915953803

1448 monsoonserge the Carver (level 9, 0/73 (75) HPs)
             Began as a Meteoran Monk on May 12, 2023.
             Was a Believer of Nemelex Xobeh.
             Slain by a wight
             ... wielding a +1 spear
              (8 damage)
             ... on level 6 of the Dungeon.
             The game lasted 00:21:59 (2850 turns).

monsoonserge the Carver (Meteoran Monk)             Turns: 2850, Time: 00:21:59

HP:   0/73 (75)     AC:  4    Str: 12    XL:     9   Next: 24%
MP:   12/12         EV: 16    Int: 12    God:    Nemelex Xobeh [**....]
Gold: 200           SH:  0    Dex: 22    Spells: 8/8 levels left

rFire   + . .        a - +0 falchion
rCold   + . .        d - orb {light}
rNeg    . . .        s - +2 robe {rC+ rF+}
rPois   .            (no helmet)
rElec   .            (no cloak)
rCorr   +            (no gloves)
SInv    .            (no boots)
Will    +....        y - amulet of the acrobat
Stlth   +            l - ring of resist corrosion
HPRegen 0.32/turn    (no ring)
MPRegen 0.13/turn

%: acrobat
@: glowing, lightly drained
A: sense surroundings 2, otherworldly, glowing, explore regen
a: Renounce Religion, Draw Escape, Draw Destruction, Draw Summoning


You were on level 6 of the Dungeon.
You worshipped Nemelex Xobeh.
Nemelex Xobeh was pleased with you.
You visited 2 branches of the dungeon, and saw 7 of its levels.

You collected 200 gold pieces.

Inventory:

Hand Weapons
 a - a +0 falchion (weapon)
 x - a +1 mace of draining
Missiles
 i - 13 poisoned darts (quivered)
 w - a boomerang
Armour
 b - a +0 robe
 d - an orb of light (worn)
 n - a +0 scale mail
 s - a +2 robe of resistance (worn)
 C - a +0 chain mail
Magical Staves
 t - a staff of cold
Jewellery
 l - a ring of resist corrosion (left hand)
 y - an amulet of the acrobat (around neck)
Scrolls
 e - a scroll of teleportation {unknown}
 g - 3 scrolls of fear {unknown}
 h - 2 scrolls of enchant armour {unknown}
 m - 3 scrolls of poison {unknown}
 o - a scroll of brand weapon {unknown}
 p - 2 scrolls of vulnerability {unknown}
 q - 2 scrolls of identify {unknown}
 B - 2 scrolls of enchant weapon {unknown}
Potions
 c - a potion of ambrosia
 f - 2 potions of haste
 j - a potion of magic
 k - a potion of invisibility {unknown}
 r - a potion of heal wounds {unknown}
 u - a potion of lignification
 v - 2 potions of mutation {unknown}
 z - a potion of might {unknown}
 A - a potion of resistance {unknown}
 D - 2 potions of brilliance {unknown}


   Skills:
 + Level 5.8 Fighting
 + Level 10.3 Long Blades
 + Level 0.4 Throwing
 - Level 1.0 Armour
 + Level 6.2 Dodging
 + Level 0.6 Stealth
 * Level 2.8 Invocations


You had 8 spell levels left.
You didn't know any spells.
Your spell library was empty.

Dungeon Overview and Level Annotations

Branches:
Dungeon (6/15) Zot: 835    Temple (1/1) D:5 Zot: 542

Altars:
Ashenzari
Elyvilon
Fedhas
Gozag
Hepliaklqana
Kikubaaqudgha
Makhleb
Nemelex Xobeh
Okawaru
Sif Muna
Vehumet
Wu Jian
Xom
The Shining One

Shops:
D:2 *([(:


Innate Abilities, Weirdness & Mutations

You passively map the area around you.
You are easily found by Zot.
You glow in the dark.
You regain HP and MP as you explore.


Message History

The wight hits you from afar with a +1 spear.
You feel drained. The wight misses you.
You hit the wight.
The wight is almost destroyed.
You hit the wight but do no damage.
The wight is almost destroyed.
The wight hits you from afar with a +1 spear.
The wight hits you with a +3 falchion!
You barely miss the wight.
The wight is almost destroyed.
The wight misses you. The wight closely misses you.
You hit the wight but do no damage.
The wight is almost destroyed.
The wight hits you from afar with a +1 spear.
You feel drained. The wight hits you with a +3 falchion.
You hit the wight.
You destroy the wight!
The wight hits you from afar with a +1 spear.
* * * LOW HITPOINT WARNING * * *
Your life force feels restored.
Unknown command.
The wight hits you with a +1 spear.
* * * LOW HITPOINT WARNING * * *
You hit the wight but do no damage. You barely miss the wight.
The wight hits you with a +1 spear!
* * * LOW HITPOINT WARNING * * *
You feel drained.
* * * LOW HITPOINT WARNING * * *
You draw a card...
You have drawn Pain.
Press: ? - help, Shift-Dir - straight line, f - wight
Aim: a wight, wielding a +1 spear and wearing a +0 robe (haloed)
The wight is unaffected.
The wight closely misses you.
You draw a card...
You have drawn Vitriol.
Press: ? - help, Shift-Dir - straight line, f/p - wight
Aim: a wight, wielding a +1 spear and wearing a +0 robe (haloed)
The glob of acid misses the wight.
The wight hits you with a +1 spear!
You die...
Your body disappears without additional glow.

,.. ... #.. .# .. , ,
, .... #.##.# #.##.#
* ....##
....#####...... *
>.....####...........
*
...##..##..#.........
, ,
##.###..#......#..#,
.....)....####.#.#*,
#....#..## #..z## ,*
#.##<.)..# #.)@[#
#....###......##)# ,
......# ...##..#)#
##....#*..#####.#.. ,
* .........## *.###.
, $......##* *.. ,..
,, ** * .......# *
.#, , , * ########
*.#,, ,, * # , ,


You could see a wight.

Vanquished Creatures
  Sigmund (D:3)
  The ghost of hogiebunz the Poker, an amateur MiFi of Okawaru (D:4)
  3 phantoms
  3 scorpions
  3 wights (D:6)
  A jelly (D:5)
  A vampire bat (D:4)
  2 hounds
  4 orc priests
  A sleepcap (D:4)
  2 iguanas
  2 orc wizards
  A scorpion zombie (D:3)
  4 adders
  A white imp (D:3)
  An ufetubus (D:4)
  A dart slug (D:3)
  18 orcs
  A bat skeleton (D:4)
  4 bat zombies (D:4)
  9 endoplasms
  A giant cockroach (D:4)
  9 goblins
  11 hobgoblins
  3 jackals (D:1)
  8 kobolds
  5 quokkas
  8 ball pythons
  A ball python skeleton (D:3)
  A ball python zombie (D:3)
  9 bats
  3 frilled lizards
  A quokka skeleton (D:3)
  A quokka zombie (D:3)
  5 rats
130 creatures vanquished.

Notes
Turn   | Place    | Note
-------+----------+-------------------------------------------
     0 | D:1      | monsoonserge the Meteoran Monk began the quest for the Orb.
     0 | D:1      | Reached XP level 1. HP: 19/19 MP: 2/2
   140 | D:1      | Reached XP level 2. HP: 17/26 MP: 3/3
   173 | D:1      | Reached skill level 4 in Long Blades
   247 | D:1      | Reached XP level 3. HP: 24/31 MP: 4/4
   405 | D:2      | Reached XP level 4. HP: 36/40 MP: 5/5
   405 | D:2      | Found Hiozoma's Armour Boutique.
   506 | D:2      | Found Jetod's Assorted Antiques.
   555 | D:2      | Found Vuul's Weapon Boutique.
   605 | D:2      | Found Rietyih's Book Shop.
   676 | D:2      | Found Madajuph's Weapon Shop.
   759 | D:3      | Noticed Sigmund
   781 | D:3      | HP: 2/40 [Sigmund/+0 scythe (7)]
   783 | D:3      | Killed Sigmund
   784 | D:3      | Reached skill level 6 in Long Blades
   784 | D:3      | Reached XP level 5. HP: 3/47 MP: 6/6
   784 | D:3      | Reached XP level 6. HP: 3/53 MP: 7/7
   954 | D:3      | Found a shimmering altar of Xom.
   966 | D:3      | Reached skill level 1 in Armour
  1377 | D:3      | Reached XP level 7. HP: 10/60 MP: 8/8
  1711 | D:4      | Reached skill level 7 in Long Blades
  1838 | D:4      | Found an ancient bone altar of Kikubaaqudgha.
  1920 | D:4      | Reached skill level 5 in Dodging
  2010 | D:4      | Reached skill level 5 in Fighting
  2084 | D:4      | Reached skill level 8 in Long Blades
  2091 | D:4      | Reached XP level 8. HP: 62/68 MP: 9/9
  2132 | D:4      | Found a runed translucent gate.
  2133 | D:4      | Found a runed translucent gate.
  2133 | D:4      | Found a runed translucent gate.
  2135 | D:4      | Noticed hogiebunz's ghost (amateur MiFi)
  2168 | D:5      | Entered Level 5 of the Dungeon
  2423 | D:5      | Reached skill level 9 in Long Blades
  2532 | D:5      | Found a staircase to the Ecumenical Temple.
  2547 | Temple   | Entered the Ecumenical Temple
  2600 | Temple   | Became a worshipper of Nemelex Xobeh the Trickster
  2600 | Temple   | Reached * piety under Nemelex Xobeh
  2600 | Temple   | Received a gift from Nemelex Xobeh
  2600 | Temple   | Reached ** piety under Nemelex Xobeh
  2609 | D:5      | Received a gift from Nemelex Xobeh
  2661 | D:4      | Killed hogiebunz's ghost
  2662 | D:4      | Reached skill level 1 in Invocations
  2777 | D:5      | Gained mutation: You passively map the area around you.
                  | [Meteoran growth]
  2777 | D:5      | Reached XP level 9. HP: 64/74 MP: 11/11
  2835 | D:6      | Reached skill level 10 in Long Blades
  2850 | D:6      | Slain by a wight

Illustrated notes

Levels and vault maps discovered:
D:1:      giann_wishing_wells, layout_rooms, minmay_misc_feat_x,
          grunt_decor_mini_mirrors
D:2:      layout_rooms, serial_shops, shop, nicolae_shop_tiny_real_fake_doors,
          shop, shop, nicolae_shop_bloodbath_and_beyond
D:3:      layout_basic, xom_confusion_cloud, serial_undead, serial_undead_a,
          serial_undead_a, serial_undead_d, serial_undead_b, minmay_vboxes,
          uniq_sigmund
D:4:      layout_basic, kennysheep_vampire_church, serial_forest,
          infiniplex_forest_zigzag_1, infiniplex_forest_straight_4,
          infiniplex_forest_lined_3_way, infiniplex_forest_straight_2,
          infiniplex_forest_lined_3_way, ebering_ghost_rock_garden, uniq_pikel
D:5:      layout_gridville, minmay_temple_entry_overgrown, minmay_small_thing
D:6:      layout_rooms
Temple:   nicolae_temple_x_marks_the_god

Skill      XL: |  1  2  3  4  5  6  7  8  9 |
---------------+----------------------------+-----
Long Blades    | 4 6 8 9 10 | 10.3
Dodging        | 4 5 6 |  6.2
Fighting       | 4 5 |  5.8
Armour         | 1 |  1.0
Invocations    | 2 |  2.8
Throwing       | |  0.4
Stealth        | |  0.6

Action                     |  1- 3 |  4- 6 |  7- 9 || total
---------------------------+-------+-------+-------++-------
  Melee: Falchion          |    77 |   146 |   239 ||   462
  Throw: Dart              |       |     4 |     1 ||     5
 Invoke: Draw Destruction  |       |       |     3 ||     3
         Draw Summoning    |       |       |     1 ||     1
    Use: Potion            |       |     1 |     2 ||     3
 Armour: Robe              |    18 |    29 |    63 ||   110
         Scale mail        |       |    16 |       ||    16
         Skin              |       |       |    22 ||    22
  Dodge: Dodged            |    37 |    86 |   166 ||   289
